 Dungeon Crawl Stone Soup version 0.17-a0-1115-g0372368 (webtiles) character file.

6650 inmateoo the Frost Mage (level 11, -10/64 HPs)
             Began as a Gargoyle Ice Elementalist on May 22, 2015.
             Was a Believer of Ashenzari.
             Mangled by a hill giant
             ... wielding a +0 giant club
              (29 damage)
             ... on level 10 of the Dungeon.
             The game lasted 00:37:51 (13462 turns).

inmateoo the Frost Mage (GrIE)                     Turns: 13462, Time: 00:37:52

Health: -10/64     AC: 19    Str: 12    XL:     11   Next: 2%
Magic:  16/29      EV: 14    Int: 19    God:    Ashenzari [**....]
Gold:   927        SH:  0    Dex: 10    Spells: 5 memorised, 10 levels left

rFire  . . .     SeeInvis .     t - +0 quarterstaff
rCold  . . .     Clarity  +     a - +0 robe
rNeg   + + .     SustAt   .     (no shield)
rPois  ∞         Gourm    .     o - +1 hat
rElec  +         Spirit   .     B - +0 cloak
rCorr  .         Warding  +     E - +0 pair of gloves
rMut   .         Stasis   .     (no boots)
MR     .....                    A - amulet of warding
Stlth  ++........               (no ring)
                                F - ring of magical power

@: icy armour, not resistant to hostile enchantments, unstealthy
A: clarity, negative energy resistance 1, electricity resistance, unbreathing,
petrification resistance, rot immunity, AC +7
a: Scrying, Renounce Religion


You were on level 10 of the Dungeon.
You worshipped Ashenzari.
Ashenzari was pleased with you.
You were not hungry.

You visited 2 branches of the dungeon, and saw 11 of its levels.
You also visited: Sewer, Ossuary and Bailey.

You collected 1039 gold pieces.
You spent 112 gold pieces at shops.

Inventory:

Hand weapons
 d - a +0 blowgun
 t - a +0 quarterstaff (weapon)
Missiles
 m - 72 poisoned needles
Armour
 a - a +0 robe (worn)
 o - a +1 hat (worn)
 p - a troll hide {Purgy}
 B - a +0 cloak (worn)
 E - a +0 pair of gloves (worn)
Magical staves
 e - an uncursed staff of cold
Jewellery
 k - an uncursed ring of flight
 l - an uncursed ring of fire
 A - an amulet of warding (around neck)
 F - a ring of magical power (left hand)
Magical devices
 w - a wand of polymorph (6)
 y - a wand of magic darts (32)
Scrolls
 h - 2 scrolls of fog
 n - 6 scrolls of remove curse
 q - 3 scrolls of fear
 u - a scroll of magic mapping
 v - a scroll of teleportation
 z - 2 scrolls of identify
 G - a scroll of enchant armour {unknown}
 J - a scroll of enchant weapon
Potions
 g - 2 potions of invisibility
 j - 5 potions of agility
 x - a potion of haste
Books
 b - a book of Frost

   Spells                             Type                      Level
   a - Freeze                         Ice                          1
   b - Throw Frost                    Conjuration/Ice              2
   c - Ozocubu's Armour               Charms/Ice                   3
   d - Throw Icicle                   Conjuration/Ice              4
   e - Summon Ice Beast               Ice/Summoning                4
   f - Condensation Shield            Ice                          4
 r - a book of Cantrips

   Spells                             Type                      Level
   a - Corona                         Hexes                        1
   b - Animate Skeleton               Necromancy                   1
   c - Summon Small Mammal            Summoning                    1
   d - Apportation                    Translocation                1
 s - a book of Spatial Translocations

   Spells                             Type                      Level
   a - Apportation                    Translocation                1
   b - Blink                          Translocation                2
   c - Shroud of Golubria             Charms/Translocation         2
   d - Portal Projectile              Translocation                3
   e - Teleport Other                 Translocation                3
   f - Passage of Golubria            Translocation                4
 D - a book of Unlife

   Spells                             Type                      Level
   a - Recall                         Summoning/Translocation      3
   b - Animate Dead                   Necromancy                   4
   c - Control Undead                 Necromancy                   4
   d - Cigotuvi's Embrace             Necromancy                   5
   e - Death Channel                  Necromancy                   6
   f - Simulacrum                     Ice/Necromancy               6
Comestibles
 c - 8 bread rations
 f - 3 meat rations
 i - a slice of pizza
 C - 5 fruits
 H - a chunk of flesh
 I - a beef jerky


   Skills:
 + Level 6.0 Fighting
 * Level 8.2 Staves
 + Level 5.7 Dodging
 - Level 3.0 Stealth
 + Level 6.2 Spellcasting
 - Level 1.1 Conjurations
 * Level 9.5 Ice Magic


You had 10 spell levels left.
You knew the following spells:

 Your Spells              Type           Power        Failure   Level  Hunger
a - Freeze                Ice            ####         1%          1    None
b - Throw Frost           Conj/Ice       ####..       1%          2    None
c - Ozocubu's Armour      Chrm/Ice       ###.....     6%          3    ##.....
d - Blink                 Tloc           N/A          17%         2    None
e - Throw Icicle          Conj/Ice       ####....     14%         4    ####...


Dungeon Overview and Level Annotations

Branches:
Dungeon (10/15)            Temple (1/1) D:5
   Lair: D:8-11         Orc: D:9-12

Altars:
Ashenzari
Cheibriados
Dithmenos
Elyvilon
Fedhas
Gozag
Kikubaaqudgha
Makhleb
Nemelex Xobeh
Okawaru
Qazlal
Ru
Sif Muna
Trog
Vehumet
Xom
Yredelemnul
Zin
The Shining One

Shops:
D:4 (   D:5 =   D:6 *

Annotations:
D:7 BobbyTwoHands's ghost, experienced CeCK


Innate Abilities, Weirdness & Mutations

You are resistant to torment.
Your stone body is resilient (AC +7).
You are immune to poison.
You resist negative energy.
You are resistant to electric shocks.
You can survive without breathing.
You are immune to petrification.
You are immune to rotting.
You possess an exceptional clarity of mind.


Message History

You freeze the hill giant.
The hill giant is severely wounded.
The hill giant barely misses you.
Casting: Freeze
Confirm with . or Enter, or press ? or * to list all spells.
Aiming: Freeze
Press: ? - help, Shift-Dir - straight line, f/p - hill giant
Aim: a hill giant, wielding a giant club (severely wounded)
You freeze the hill giant.
The hill giant is severely wounded.
The hill giant closely misses you.
Casting: Freeze
Confirm with . or Enter, or press ? or * to list all spells.
Aiming: Freeze
Press: ? - help, Shift-Dir - straight line, f/p - hill giant
Aim: a hill giant, wielding a giant club (severely wounded)
You freeze the hill giant.
The hill giant is almost dead.
The hill giant hits you with a giant club!!
You die...

.........#
........Y#
..##...Y.## *
##*##...Y.# *
##....######### ..
#.....##.....## ...
##............##
*...
##.............##
#...
#.........C@....##
##....
#....#.....###...##
##....#
#...##....##
##...####....#
#...##....#
##...##.÷.#
#...##...##
#....†..<#
##......##
#...#...## ##....##
#..###..# ######
#..# #.## #..# #.#


You could see a hill giant.

Vanquished Creatures
  Erica (D:8)
  Prince Ribbit (D:6)
  The ghost of HEYYEYAAE the Ducker, an average OpFi (D:3)
  Sigmund (D:4)
  6 yaks
  Menkaure (D:5)
  4 sky beasts
  Purgy (Sewer)
  8 orc warriors
  A necrophage (D:9)
  5 ogres
  A centaur (D:6)
  2 big kobolds (D:7)
  Blork the orc (D:6)
  2 giant frogs
  4 wights (D:9)
  6 crimson imps
  A centaur zombie (Ossuary)
  4 hounds
  A giant frog skeleton (D:9)
  4 human zombies (Ossuary)
  2 jellies (D:7)
  14 orc wizards
  7 orc priests
  A centaur skeleton (D:6)
  4 iguanas
  7 worker ants
  A big kobold zombie (Ossuary)
  2 hound zombies
  A hound skeleton (D:8)
  2 mummies (Ossuary)
  2 worker ant zombies
  15 gnolls
  2 river rats (D:4)
  13 adders
  3 shadow imps
  2 oozes
  3 worms (D:4)
  2 adder skeletons
  2 adder zombies
  6 giant geckos
  45 orcs
  6 ball pythons
  21 bats
  2 bat skeletons
  10 giant cockroaches
  14 goblins
  13 hobgoblins
  7 jackals
  36 kobolds
  A quokka (D:7)
  8 giant newts
  A goblin zombie (Ossuary)
  9 hobgoblin zombies (Ossuary)
  11 kobold zombies (Ossuary)
  7 orc zombies (Ossuary)
  17 rats
  2 rat zombies (Ossuary)
357 creatures vanquished.

Notes
Turn   | Place    | Note
--------------------------------------------------------------
     0 | D:1      | inmateoo the Gargoyle Ice Elementalist began the quest for the Orb.
     0 | D:1      | Reached XP level 1. HP: 10/10 MP: 3/3
   225 | D:1      | Reached XP level 2. HP: 15/15 MP: 1/5
   981 | D:1      | Reached XP level 3. HP: 19/19 MP: 4/6
  1290 | D:2      | Learned a level 2 spell: Throw Frost
  1294 | D:2      | Learned a level 3 spell: Ozocubu's Armour
  1711 | D:2      | Found a shattered altar of Ashenzari.
  1718 | D:2      | Reached XP level 4. HP: 22/24 MP: 2/7
  1749 | D:2      | Became a worshipper of Ashenzari the Shackled
  2153 | D:3      | Reached skill level 4 in Ice Magic
  2340 | D:3      | Reached XP level 5. HP: 23/28 MP: 4/9
  2754 | D:4      | Noticed Sigmund
  2768 | D:4      | Killed Sigmund
  2768 | D:4      | Reached skill level 5 in Ice Magic
  2768 | D:4      | Reached XP level 6. HP: 28/32 MP: 1/10
  2895 | D:4      | Found Yxzofytawn's Antique Weapon Boutique.
  2898 | D:4      | Bought a quarterstaff for 112 gold pieces
  3080 | D:4      | Reached skill level 1 in Staves
  3135 | D:4      | Reached XP level 7. HP: 35/37 MP: 5/12
  3243 | D:4      | Found a glowing drain.
  3280 | Sewer    | Entered a sewer
  3287 | Sewer    | Reached skill level 1 in Fighting
  3331 | Sewer    | Noticed Purgy
  3466 | Sewer    | Killed Purgy
  3696 | D:4      | Noticed an ogre
  3720 | D:3      | Noticed HEYYEYAAE's ghost (average OpFi)
  3754 | D:3      | Killed HEYYEYAAE's ghost
  3754 | D:3      | Reached skill level 6 in Ice Magic
  3914 | D:4      | Killed an ogre
  3914 | D:4      | Reached XP level 8. HP: 41/44 MP: 4/13
  4338 | D:4      | Noticed an ogre
  4347 | D:4      | Killed an ogre
  4677 | D:5      | Entered Level 5 of the Dungeon
  4688 | D:4      | Learned a level 2 spell: Blink
  4693 | D:4      | Learned a level 4 spell: Throw Icicle
  4793 | D:5      | Found Locur's Jewellery Shop.
  4865 | D:5      | Noticed Menkaure
  4892 | D:6      | Found Gozag's Platinum Reserve.
  4909 | D:6      | Found an opulent altar of Gozag.
  5115 | D:6      | Noticed Prince Ribbit
  5144 | D:6      | Killed Prince Ribbit
  5223 | D:6      | Found a sand-covered staircase.
  5232 | Ossuary  | Entered an ossuary
  5834 | Ossuary  | Reached XP level 9. HP: 37/51 MP: 11/15
  6350 | D:6      | Found a shadowy altar of Dithmenos.
  6477 | D:6      | Reached skill level 7 in Ice Magic
  6517 | D:5      | Reached skill level 5 in Staves
  6857 | D:6      | Noticed Blork the orc
  6866 | D:6      | Killed Blork the orc
  6894 | D:6      | Found a sparkling altar of Nemelex Xobeh.
  7887 | D:5      | Found a staircase to the Ecumenical Temple.
  7910 | Temple   | Entered the Ecumenical Temple
  8030 | D:5      | Killed Menkaure
  8030 | D:5      | Reached skill level 5 in Spellcasting
  9122 | D:7      | Acquired Ashenzari's first power
  9138 | D:7      | Found an opulent altar of Gozag.
  9259 | D:7      | Reached skill level 8 in Ice Magic
  9273 | D:7      | Found a burning altar of Makhleb.
  9328 | D:7      | Noticed BobbyTwoHands's ghost (experienced CeCK)
  9756 | D:7      | Reached skill level 5 in Fighting
  9856 | D:7      | Reached XP level 10. HP: 59/59 MP: 6/17
 10542 | D:8      | Reached skill level 5 in Dodging
 10594 | D:8      | Found a flagged portal.
 10609 | Bailey   | Entered a bailey
 11475 | D:8      | Noticed Erica
 11493 | D:8      | Killed Erica
 11904 | D:8      | Found an iron altar of Okawaru.
 12019 | D:8      | Found a bloodstained altar of Trog.
 12172 | D:8      | Found an opulent altar of Gozag.
 12276 | D:9      | Reached skill level 9 in Ice Magic
 12547 | D:9      | Found a glowing golden altar of the Shining One.
 12808 | D:9      | Gained mutation: You possess an exceptional clarity of mind. [mutagenic meat]
 12834 | D:9      | Found a basalt altar of Yredelemnul.
 12892 | D:10     | Entered Level 10 of the Dungeon
 13270 | D:9      | Reached XP level 11. HP: 51/64 MP: 20/20
 13446 | D:10     | Noticed a hill giant
 13462 | D:10     | Mangled by a hill giant

Vault maps used:
D:1:      minmay_arrival_doors, minmay_misc_feat_four_crosses
D:2:      ashenzari_conservatory_becter, first_bread, kennysheep_small_spiral
D:4:      serial_shops, kennysheep_mini_moat, portal_sewer_entry_e, uniq_sigmund
D:5:      minmay_temple_entry_purple_smoke, serial_shops, shop, uniq_menkaure
D:6:      nicolae_gozag_zags_fifth_avenue, lemuel_round_altar,
          nicolae_ossuary_entry_ruins, nemelex_lonely_heart_becter,
          uniq_prince_ribbit1, uniq_blork_the_orc
D:7:      makhleb_grotto_becter, basic_altar, the_bakery,
          minmay_misc_feat_more_columns
D:8:      lemuel_coloured_pillars_altar, lemuel_crystal_altar, enter_bailey_7,
          basic_altar, minmay_misc_feat_pillars, uniq_erica
D:9:      overflow_temple_1_default, yredelemnul_altar_generic
D:10:     erik_lair_orcish_takeover
Temple:   circular_temple_12
Sewer:    sewer_co_purgy_island
Ossuary:  ossuary_tomb_1
Bailey:   bailey_axe_1, bailey

Action                   |  1- 3 |  4- 6 |  7- 9 | 10-12 || total
-------------------------+-------+-------+-------+-------++-------
Melee: Unarmed           |    56 |    23 |       |     6 ||    85
       Quarterstaff      |       |    31 |   439 |   269 ||   739
 Fire: Blowgun           |       |       |    20 |       ||    20
 Cast: Freeze            |    65 |    95 |   197 |   171 ||   528
       Ozocubu's Armour  |       |       |    35 |    15 ||    50
       Throw Frost       |       |       |     6 |    11 ||    17
       Throw Icicle      |       |       |     7 |       ||     7
Evoke: Wand              |       |       |       |    13 ||    13
  Use: Scroll            |     4 |     4 |    10 |     4 ||    22
       Potion            |       |       |     9 |     4 ||    13
 Stab: Sleeping          |       |     2 |     3 |     4 ||     9
       Distracted        |       |       |     1 |       ||     1
  Eat: Chunk             |     3 |     5 |    21 |    12 ||    41
       Fruit             |       |       |     3 |       ||     3
       Pizza             |       |       |     1 |       ||     1
       Beef jerky        |       |       |     1 |     1 ||     2
